 Dungeon Crawl Stone Soup version 0.29.1-15-g9cfb28693d (webtiles) character file.

Game seed: 8401279163056779544

23 promet the Magician (level 2, -6/15 HPs)
             Began as a Deep Elf Hedge Wizard on Feb 24, 2023.
             Mangled by a hobgoblin
             ... wielding a +0 hand axe
              (7 damage)
             ... on level 2 of the Dungeon on Feb 25, 2023.
             The game lasted 00:04:20 (1152 turns).

promet the Magician (Deep Elf Hedge Wizard)         Turns: 1152, Time: 00:04:20

Health: -6/15      AC:  3    Str:  7    XL:     2   Next: 72%
Magic:  5/10       EV: 12    Int: 18    God:
Gold:   44         SH:  0    Dex: 14    Spells: 6/12 levels left

rFire   . . .      SeeInvis .   a - +0 dagger (venom)
rCold   . . .      Faith    .   (no shield)
rNeg    . . .      Spirit   .   b - +0 robe
rPois   .          Reflect  .   c - +1 hat
rElec   .          Harm     .   (no cloak)
rCorr   .          Rampage  .   (no gloves)
Will    .....                   (no boots)
Stlth   ++........              (no amulet)
HPRegen 0.05/turn               (no ring)
MPRegen 0.12/turn               (no ring)

@: on blink cooldown, very slightly contaminated
A: no striking features
a: no special abilities


You were on level 2 of the Dungeon.
You visited 1 branch of the dungeon, and saw 2 of its levels.

You collected 44 gold pieces.

Inventory:

Hand Weapons
 a - a +0 dagger of venom (weapon)
Missiles
 e - 5 poisoned darts
Armour
 b - a +0 robe (worn)
 c - a +1 hat (worn)
Scrolls
 k - a scroll of teleportation {unknown}
Potions
 d - a potion of magic
 f - 2 potions of flight
 g - a potion of berserk rage {unknown}
 h - a potion of lignification
 i - a potion of mutation {unknown}


   Skills:
 + Level 2.6 Dodging
 + Level 2.5 Stealth
 + Level 5.5 Spellcasting
 + Level 1.2 Conjurations
 + Level 1.1 Summonings
 + Level 1.1 Translocations


You had 6 spell levels left.
You knew the following spells:

 Your Spells              Type           Power      Damage    Failure   Level
a - Magic Dart            Conj           36%        1d4       8%          1
b - Slow                  Hex            16%        N/A       13%         1
c - Blink                 Tloc           16%        N/A       12%         2
d - Call Imp              Summ           8%         N/A       12%         2

Your spell library contained the following spells:

 Spells                   Type           Power      Damage    Failure   Level
 Conjure Flame            Conj/Fire      7%         6-21      28%         3
 Mephitic Cloud           Conj/Pois/Air  6%         N/A       32%         3


Dungeon Overview and Level Annotations

Branches:
Dungeon (2/15)

Altars:

Shops:
D:1 !


Message History

No target in view!
You see here a frilled lizard corpse.
Found a stone staircase leading down.
There is a stone staircase leading down here.
You now have 44 gold pieces (gained 14).
Found a scroll of immolation.
A hobgoblin comes into view. It is wielding a +0 hand axe.
You see here a scroll labelled BEKASA LOOMM.
k - a scroll labelled BEKASA LOOMM
As you read the scroll of identify, it crumbles to dust.
f - 2 potions of flight
As you read the scroll of identify, it crumbles to dust.
h - a potion of lignification The hobgoblin hits you with a +0 hand axe.
You hit the hobgoblin but do no damage.
The hobgoblin is poisoned.
The hobgoblin hits you with a +0 hand axe.
* * * LOW HITPOINT WARNING * * *
You are too injured to fight recklessly!
The hobgoblin barely misses you. The hobgoblin barely misses you.
Casting: Magic Dart (safe; 8% risk of failure)
Confirm with . or Enter, or press ? or * to list all spells.
Aiming: Magic Dart (safe; 8% risk of failure)
Press: ? - help, Shift-Dir - straight line, f - hobgoblin
Aim: a hobgoblin, wielding a +0 hand axe and wearing a +0 leather armour (lightly wounded, very poisoned, 100% to hit)
The magic dart hits the hobgoblin but does no damage.
The hobgoblin is lightly wounded.
The hobgoblin hits you with a +0 hand axe.
* * * LOW HITPOINT WARNING * * *
Okay, then.
Casting: Magic Dart (safe; 8% risk of failure)
Confirm with . or Enter, or press ? or * to list all spells.
You miscast Blink.
You are very lightly contaminated with residual magic.
Nothing appears to happen.
The hobgoblin closely misses you.
Casting: Blink (safe; 12% risk of failure)
Confirm with . or Enter, or press ? or * to list all spells.
You blink.
The hobgoblin hits you with a +0 hand axe!
You die...

#$#........>.....#
#.#.############.#
#.#.# #... #.#.#
#####
###.####.#.##
.......?....#
#.###..#..#
#.##..##
###....@.#
#.#.......g###
#........ยง...#
.....#..###..#.#
###....## #?.#.#
#.#.# #..# # .....
...# #.###. ##.# .
#. .#


You could see a hobgoblin (very poisoned).

Vanquished Creatures
  A dart slug (D:1)
  2 bats
  An endoplasm (D:1)
  2 giant cockroaches (D:1)
  3 goblins
  A hobgoblin (D:2)
  A quokka (D:1)
  3 frilled lizards
  2 rats (D:1)
16 creatures vanquished.

Vanquished Creatures (collateral kills)
  A worm (D:2)
1 creature vanquished.

Grand Total: 17 creatures vanquished

Notes
Turn   | Place    | Note
-------+----------+-------------------------------------------
     0 | D:1      | promet the Deep Elf Hedge Wizard began the quest for the
                  | Orb.
     0 | D:1      | Reached XP level 1. HP: 10/10 MP: 7/7
   153 | D:1      | Reached skill level 5 in Spellcasting
   153 | D:1      | Reached XP level 2. HP: 5/15 MP: 1/10
   348 | D:1      | Learned a level 1 spell: Slow
   351 | D:1      | Learned a level 2 spell: Blink
   354 | D:1      | Learned a level 2 spell: Call Imp
   435 | D:1      | Found Zoepo's Distillery.
   625 | D:1      | Found a faded altar of an unknown god.
  1152 | D:2      | Mangled by a hobgoblin

Illustrated notes

Levels and vault maps discovered:
D:1:      eino_arrival_druids_welcome, layout_rooms, serial_shops, shop,
          hellmonk_ecumenical_altar_blasted
D:2:      layout_loops_ring, minmay_misc_feat_five,
          chequers_serial_rivers_micro_d, uniq_sigmund

Skill      XL: |  1 |
---------------+----+-----
Spellcasting   | 5 |  5.5
Dodging        | |  2.6
Stealth        | |  2.5
Conjurations   | |  1.2
Summonings     | |  1.1
Translocations | |  1.1

Action                   || total
-------------------------++-------
Melee: Dagger            ||    18
 Cast: Magic Dart        ||    27
       Blink             ||     1
       Call Imp          ||     1
  Use: Scroll            ||     5
 Stab: Sleeping          ||     2
Armor: Robe              ||     4
Dodge: Dodged            ||    12
